Map: Winter Madness LE

Players

TerranGooner - Winner!

  • Race: Protoss Protoss
  • Spawn Location: 5:00

Deluxe

  • Race: Terran Terran
  • Spawn Location: 11:00

VOD

Have the link to the VOD?

Description

Time

  • Played on: May 31, 2026, 2:48 a.m.
  • Length: 12:24
Show
View Real Time Build Order
Export as new Build Order

TerranGooner Protoss - Winner!

Build Orders:  

Get SALT Encoding   

  12  0:00  Probe  
  13  0:18  Probe  
  13  0:19  Pylon  
  14  0:26  Assimilator  
  14  0:42  Gateway  
  14  0:46  Probe  
  15  0:59  Probe  
  16  1:07  Pylon  
  16  1:21  Gateway  
  16  1:30  Pylon  
  16  1:40  Assimilator  
  16  1:45  Zealot  
  18  2:00  Assimilator  
  18  2:01  Zealot, Probe  
  18  2:05  Zealot  
  19  2:13  Cybernetics Core  
  23  2:46  Adept  
  23  2:58  Nexus  
  25  2:59  Adept  
  27  3:08  Warp Gate  
  27  3:34  Adept  
  27  3:40  Adept  
  27  4:00  Forge  
  27  4:04  Probe  
  27  4:05  Pylon  
  28  4:12  Twilight Council  
  28  4:21  Probe  
  28  4:27  Zealot x2  
  28  4:29  Probe  
  32  4:38  Probe  
  33  4:51  Probe  
  32  4:54  Zealot x2  
  34  5:03  Probe  
  35  5:25  Charge  
  35  5:28  Protoss Ground Weapons Level 1  
  35  5:33  Adept x2  
  39  5:41  Probe  
  39  5:46  Gateway  
  39  5:47  Gateway  
  39  5:49  Probe  
  41  5:59  Probe, Pylon  
  41  6:03  Gateway  
  42  6:04  Gateway  
  42  6:11  Probe  
  35  6:19  Adept x2  
  35  6:23  Probe  
  40  6:29  Gateway  
  40  6:40  Resonating Glaives  
  40  6:41  Zealot  
  40  6:42  Zealot x2  
  40  6:43  Zealot  
  48  6:51  Pylon  
  48  6:58  Photon Cannon x2  
  48  7:10  Adept x3  
  48  7:11  Adept  
  56  7:31  Dark Shrine  
  56  7:39  Assimilator  
  56  7:43  Assimilator  
  56  7:58  Zealot  
  56  7:59  Zealot x2  
  56  8:00  Zealot x3  
  56  8:01  Zealot  
  56  8:02  Protoss Ground Armor Level 1  
  70  8:29  Pylon  
  70  8:31  Pylon  
  70  8:36  Pylon  
  50  9:23  Stalker x3  
  50  9:24  Stalker x3  
  58  10:19  Stalker  
  58  10:20  Stalker x2  
  64  10:30  Stalker  
  66  11:28  Nexus  
  66  11:35  Zealot x3  
  66  11:36  Zealot  
  66  11:37  Zealot x2  
  66  11:38  Zealot  
Show
View Real Time Build Order
Export as new Build Order

Deluxe Terran 

Build Orders:  

Get SALT Encoding   

  12  0:02  SCV  
  13  0:14  SCV  
  14  0:23  Supply Depot  
  14  0:26  SCV  
  15  0:44  SCV  
  15  0:47  Barracks  
  16  0:56  Refinery  
  16  1:03  SCV  
  17  1:15  SCV  
  18  1:27  SCV  
  18  1:39  SCV  
  19  1:46  Marine  
  20  2:04  Marine  
  21  2:16  SCV  
  23  2:27  Command Center  
  23  2:33  SCV  
  23  2:46  Barracks Reactor  
  23  2:52  Refinery  
  23  2:59  Factory  
  23  3:03  Supply Depot  
  23  3:15  SCV  
  21  3:27  SCV  
  21  3:28  Marine x2  
  24  3:39  SCV  
  24  3:46  Marine x2  
  25  3:54  SCV  
  23  4:06  SCV  
  23  4:09  Marine x2  
  26  4:18  SCV  
  27  4:27  Marine x2  
  28  4:44  Marine  
  28  4:45  Marine  
  25  5:02  Marine x2  
  26  5:20  Marine x2  
  28  5:27  Hellion  
  30  5:38  Marine x2  
  30  5:40  SCV  
  35  5:51  Factory Tech Lab  
  35  5:52  SCV  
  34  6:04  Starport  
  33  6:05  SCV  
  34  6:17  SCV  
  33  6:21  SCV  
  34  6:28  Siege Tank  
  34  6:29  SCV  
  38  6:33  SCV  
  38  6:38  Engineering Bay  
  39  6:41  SCV  
  39  6:45  SCV  
  41  6:50  Supply Depot  
  41  6:53  SCV  
  42  6:58  Marine x2  
  44  7:05  SCV  
  45  7:12  Viking, Siege Tank  
  45  7:13  Supply Depot  
  50  7:16  Marine x2  
  50  7:20  Missile Turret  
  52  7:33  Barracks  
  52  7:34  Marine x2  
  55  7:37  Supply Depot  
  55  7:39  Orbital Command  
  55  7:41  Viking  
  55  7:43  Missile Turret  
  55  7:44  Orbital Command, Siege Tank  
  59  7:51  Marine  
  59  7:52  Marine  
  61  7:59  Supply Depot  
  61  8:09  SCV x2  
  63  8:20  Missile Turret  
  63  8:21  SCV x2  
  65  8:30  Marine  
  65  8:31  Marine  
  67  8:36  Medivac  
  67  8:40  Missile Turret  
  65  8:48  Marine x2  
  40  8:55  Terran Infantry Weapons Level 1  
  32  9:03  Missile Turret  
  32  9:06  Medivac, Marine  
  25  9:13  Marine  
  23  9:24  Marine, Siege Tank, Missile Turret  
  24  9:26  Marine  
  24  9:31  Marine  
  28  9:36  Viking  
  31  9:46  Missile Turret, Marine  
  31  9:47  Marine  
  31  9:50  Marine  
  27  9:57  Supply Depot  
  16  10:16  Marine, SCV  
  16  10:17  Marine  
  9  11:08  Orbital Command  
  9  11:59  Marine  
  10  12:06  Marine  
Tags
 
Add a new tag
Caveats
  • Supply blocks, unpowered buildings, or Contaminate may cause inaccurate times.
  • Supply counts are checked every 10 seconds.